 Dungeon Crawl Stone Soup version 0.21.1-1-g345015f (webtiles) character file.

7686 LairdRich the Cleaver (level 11, -4/148 HPs)
             Began as a Minotaur Berserker on June 12, 2018.
             Was a High Priest of Trog.
             Succumbed to Sonja's poison
             ... on level 10 of the Dungeon.
             The game lasted 00:40:32 (8104 turns).

LairdRich the Cleaver (Minotaur Berserker)          Turns: 8104, Time: 00:40:33

Health: -4/148     AC: 20    Str: 27    XL:     11   Next: 0%
Magic:  10/10      EV: 12    Int: 14    God:    Trog [*****.]
Gold:   574        SH:  0    Dex: 15    Spells: 10/10 levels left

rFire    . . .     SeeInvis .   v - +4 battleaxe of the Valley {holy, Int+3 Dex+2}
rCold    . . .     Gourm    .   (shield currently unavailable)
rNeg     . . .     Faith    +   I - +0 plate armour
rPois    .         Spirit   .   (helmet restricted)
rElec    .         Reflect  .   n - +2 cloak {+Inv}
rCorr    .         Harm     .   q - +1 pair of gloves
MR       .....                  (no boots)
Stlth    ..........             j - amulet of faith
HPRegen  0.34/turn              b - +3 ring of intelligence
MPRegen  0.12/turn              f - +4 ring of intelligence

@: berserking (expiring), lethally poisoned (-4 -> -148), slowed
A: retaliatory headbutt, horns 2
a: Berserk, Trog's Hand, Brothers in Arms, Burn Spellbooks, Renounce Religion,
Evoke Invisibility


You were on level 10 of the Dungeon.
You worshipped Trog.
Trog was extremely pleased with you.
You were not hungry.

You visited 1 branch of the dungeon, and saw 10 of its levels.
You also visited: Sewer.

You collected 594 gold pieces.
You spent 20 gold pieces at shops.

Inventory:

Hand Weapons
 l - a +4 antimagic battleaxe
 v - the +4 battleaxe of the Valley (weapon) {holy, Int+3 Dex+2}
   (Trog gifted it to you on level 9 of the Dungeon)

   It has been blessed by the Shining One to cause great damage to the undead
   and demons.
   It affects your intelligence (+3).
   It affects your dexterity (+2).
 F - a +1 antimagic war axe
Missiles
 m - 2 exploding tomahawks (quivered)
Armour
 n - a +2 cloak of invisibility (worn)
 q - a +1 pair of gloves (worn)
 I - a +0 plate armour (worn)
Jewellery
 b - a +3 ring of intelligence (left hand)
 f - a +4 ring of intelligence (right hand)
 j - an amulet of faith (around neck)
Wands
 x - a wand of paralysis (17)
Scrolls
 a - 4 scrolls of fog
 e - 5 scrolls of identify
 g - 7 scrolls of teleportation
 o - a scroll of vulnerability {unknown}
 w - 3 scrolls of fear
 y - 6 scrolls of remove curse
 z - 2 scrolls of blinking
 H - 2 scrolls of magic mapping
Potions
 d - 6 potions of magic
 h - 3 potions of agility
 i - 2 potions of ambrosia {unknown}
 k - 2 potions of heal wounds
 p - 2 potions of degeneration {unknown}
 r - 5 potions of curing
 s - 3 potions of haste {unknown}
 u - 4 potions of lignification {unknown}
 C - 3 potions of brilliance {unknown}
 D - a potion of flight {unknown}
 G - 2 potions of might {unknown}
Books
 t - a book of Power

   Spells                             Type                      Level
   a - Iskenderun's Battlesphere      Conjuration/Charms           5
   b - Venom Bolt                     Conjuration/Poison           5
   c - Bolt of Magma                  Conjuration/Fire/Earth       5
   d - Iron Shot                      Conjuration/Earth            6
   e - Orb of Destruction             Conjuration                  7
   f - Spellforged Servitor           Conjuration/Summoning        7
   Trog disapproves of the use of such an item.
Comestibles
 c - 21 rations


   Skills:
 + Level 9.8 Fighting
 * Level 12.9 Axes
 + Level 9.4 Armour
 + Level 8.6 Dodging


You had 10 spell levels left.
You didn't know any spells.

Dungeon Overview and Level Annotations

Branches:
Dungeon (10/15)            Temple (0/1) D:7             Orc (0/2) D:9
   Lair: D:8-11

Altars:
Ashenzari
Elyvilon
Hepliaklqana
Okawaru
Qazlal
Ru
Uskayaw
Zin

Shops:
D:5 ?


Innate Abilities, Weirdness & Mutations

You reflexively headbutt those who attack you in melee.
You have a pair of horns on your head.


Message History

You are more poisoned.
You completely miss Sonja.
Sonja is lightly wounded.
* * * LOW HITPOINT WARNING * * *
You feel extremely sick. Sonja hits you but does no damage.
You are more poisoned.
Sonja closely misses you. Sonja hits you but does no damage.
You are more poisoned.
Sonja barely misses you. You furiously retaliate!
You headbutt Sonja! Sonja hits you but does no damage. x2
You open Sonja like a pillowcase!!!
You kill Sonja!
Trog accepts your kill.
Trog appreciates your killing of a magic user.
You have reached level 11!
* * * LOW HITPOINT WARNING * * *
You feel extremely sick.
You are too berserk!
You die...

#### ..# #.# # §
#.###.##.#...§
#.K..((....≈≈§
#K....#)###..≈≈≈
###.#.#.# ≈≈§
#.#.#@# ≈
#.#.#.# #.#.#.#
########.#.#.#
#.<..........#
##########..##
#..# #..# #..#


There were no monsters in sight!

Vanquished Creatures
  Erica (D:9)
  The ghost of kaytrill the Grappler, a novice TrBe of Trog (D:9)
  A two-headed ogre (D:9)
  Sonja (D:10)
  Pikel (D:8)
  A queen bee (D:9)
  A troll (D:9)
  3 yaks (D:9)
  2 hungry ghosts
  Menkaure (D:7)
  A water moccasin (D:9)
  A black bear (D:9)
  An ice beast (D:6)
  An orc warrior (D:7)
  3 sky beasts
  A slave (D:8)
  A necrophage (D:9)
  A centaur (D:7)
  3 phantoms
  3 ogres
  4 bullfrogs
  A scorpion (D:8)
  16 killer bees (D:9)
  2 howler monkeys (D:7)
  7 crimson imps
  A jelly (D:7)
  A bullfrog zombie (D:4)
  4 hounds
  An orc priest (D:7)
  An iguana (D:8)
  4 orc wizards
  4 worker ants
  A hound zombie (D:3)
  A hound skeleton (D:6)
  A mummy (D:8)
  A howler monkey zombie (D:9)
  3 gnolls (D:8)
  17 adders
  3 river rats (Sewer)
  2 shadow imps
  An adder zombie (D:5)
  An adder skeleton (D:9)
  2 worms
  4 dart slugs
  6 leopard geckos
  22 orcs
  14 ball pythons
  4 giant cockroaches
  2 goblins (D:2)
  7 hobgoblins
  14 jackals
  2 quokkas
  12 bats
  9 frilled lizards
  4 kobolds
  A leopard gecko skeleton (D:4)
  A leopard gecko zombie (D:5)
  A quokka skeleton (D:4)
  33 rats
244 creatures vanquished.

Vanquished Creatures (others)
  A slave (D:8)
  A quokka (D:9)
2 creatures vanquished.

Grand Total: 246 creatures vanquished

Notes
Turn   | Place    | Note
-------+----------+-------------------------------------------
     0 | D:1      | LairdRich the Minotaur Berserker began the quest for the Orb.
     0 | D:1      | Reached XP level 1. HP: 19/19 MP: 0/0
    79 | D:1      | Reached XP level 2. HP: 25/27 MP: 1/1
    80 | D:1      | Reached skill level 4 in Axes
   174 | D:1      | Found a shattered altar of Ashenzari.
   904 | D:2      | Reached XP level 3. HP: 33/33 MP: 2/2
   912 | D:2      | Reached ** piety under Trog
  1435 | D:2      | Found a stormy altar of Qazlal.
  1575 | D:2      | Found a hide-covered altar of Uskayaw.
  1575 | D:2      | Noticed a hand axe
  1576 | D:2      | Noticed a hand axe
  1748 | D:3      | Reached XP level 4. HP: 40/40 MP: 3/3
  1981 | D:3      | Reached skill level 5 in Axes
  2168 | D:3      | Reached XP level 5. HP: 47/47 MP: 4/4
  2344 | D:4      | Noticed a phantom
  2372 | D:4      | Killed a phantom
  2479 | D:4      | Reached XP level 6. HP: 52/55 MP: 5/5
  2582 | D:4      | Reached *** piety under Trog
  2771 | D:4      | Reached skill level 5 in Fighting
  2771 | D:4      | Reached skill level 6 in Axes
  2967 | D:5      | Entered Level 5 of the Dungeon
  3053 | D:5      | Reached XP level 7. HP: 61/61 MP: 6/6
  3215 | D:5      | Found Oruohe Nuorph's Magic Scroll Boutique.
  3221 | D:5      | Bought a scroll of fog for 20 gold pieces
  3367 | D:5      | Found a glowing silver altar of Zin.
  3369 | D:5      | Found an iron altar of Okawaru.
  3371 | D:5      | Found a hazy altar of Hepliaklqana.
  3655 | D:6      | Reached skill level 7 in Axes
  3663 | D:6      | Reached skill level 5 in Armour
  3762 | D:6      | Reached **** piety under Trog
  3987 | D:6      | Reached XP level 8. HP: 67/70 MP: 7/7
  3993 | D:6      | Reached skill level 8 in Axes
  3993 | D:6      | Reached skill level 5 in Dodging
  3998 | D:6      | Found a glowing drain.
  4044 | Sewer    | Entered a sewer
  4286 | Sewer    | Reached ***** piety under Trog
  4903 | D:7      | Reached skill level 9 in Axes
  4917 | D:7      | Noticed Menkaure
  5244 | D:7      | Killed Menkaure
  5427 | D:7      | Reached XP level 9. HP: 77/79 MP: 8/8
  5589 | D:7      | Found a sacrificial altar of Ru.
  5644 | D:7      | Found a staircase to the Ecumenical Temple.
  5865 | D:8      | Reached skill level 10 in Axes
  5935 | D:8      | Received a gift from Trog
  6025 | D:8      | Noticed Pikel
  6034 | D:8      | Killed Pikel
  6567 | D:9      | Noticed a two-headed ogre
  6577 | D:9      | Killed a two-headed ogre
  6577 | D:9      | Reached skill level 11 in Axes
  6581 | D:9      | Noticed kaytrill's ghost (novice TrBe)
  6582 | D:9      | Noticed a queen bee
  6667 | D:9      | Reached XP level 10. HP: 24/90 MP: 3/9
  7238 | D:9      | Noticed Erica
  7250 | D:9      | Killed Erica
  7275 | D:9      | Reached skill level 12 in Axes
  7635 | D:9      | Received a gift from Trog
  7639 | D:9      | Got a crude battleaxe {god gift}
  7640 | D:9      | Identified the +4 battleaxe of the Valley {holy, Int+3 Dex+2} (Trog gifted it to you on level 9 of the Dungeon)
  7655 | D:9      | Killed kaytrill's ghost
  7908 | D:9      | Found a white marble altar of Elyvilon.
  7966 | D:9      | Found a staircase to the Orcish Mines.
  8072 | D:10     | Entered Level 10 of the Dungeon
  8089 | D:10     | Noticed Sonja
  8103 | D:10     | Killed Sonja
  8103 | D:10     | Reached XP level 11. HP: 16/99 MP: 10/10
  8103 | D:10     | HP: 5/148 [poisoned by Sonja]
  8104 | D:10     | Succumbed to Sonja's poison

Skill      XL: |  1  2  3  4  5  6  7  8  9 10 |
---------------+-------------------------------+-----
Axes           | 4 5 6 7 9 11 12 | 12.9
Fighting       | 4 5 6 7 8 9 |  9.8
Armour         | 3 4 5 6 8 9 |  9.4
Dodging        | 3 4 6 7 8 |  8.6

Action                   |  1- 3 |  4- 6 |  7- 9 | 10-12 || total
-------------------------+-------+-------+-------+-------++-------
Melee: Hand axe          |   110 |    90 |   194 |       ||   394
       Headbutt          |    14 |    17 |    29 |    21 ||    81
       War axe           |       |       |    60 |       ||    60
       Battleaxe         |       |       |    48 |   115 ||   163
Invok: Berserk           |       |     1 |     2 |     3 ||     6
       Burn Spellbooks   |       |       |       |     1 ||     1
  Use: Scroll            |       |    10 |     9 |     2 ||    21
       Potion            |       |       |     1 |     4 ||     5
  Eat: Chunk             |     2 |     1 |    11 |     1 ||    15
       Ration            |     1 |       |     2 |     2 ||     5
Armor: Animal skin       |    15 |       |       |       ||    15
       Leather armour    |    21 |    13 |       |       ||    34
       Scale mail        |       |    17 |    67 |       ||    84
       Plate armour      |       |       |   103 |   108 ||   211
Dodge: Dodged            |    64 |    37 |   181 |    70 ||   352
